Map: Cerulean Fall LE

Players

LaFantome - Winner!

  • Race: Zerg Zerg
  • League: Diamond
  • Spawn Location: 1:00

TempO

  • Race: Zerg Zerg
  • League: Master
  • Spawn Location: 7:00

VOD

Have the link to the VOD?

Description

Time

  • Played on: Oct. 4, 2018, 2:55 p.m.
  • Length: 15:16
Show
View Real Time Build Order
Export as new Build Order

LaFantome Zerg - Winner!

Build Orders: Hatch First, Lurkers, Zergling Baneling 

Get SALT Encoding   

  12  0:01  Drone  
  13  0:12  Overlord  
  13  0:21  Drone  
  14  0:30  Drone x2  
  14  0:34  Drone  
  17  0:52  Hatchery  
  17  0:55  Drone  
  17  0:58  Drone  
  18  1:09  Extractor  
  17  1:14  Spawning Pool  
  17  1:16  Drone  
  17  1:19  Drone  
  18  1:30  Drone  
  19  1:42  Drone  
  20  2:02  Zergling x2  
  20  2:04  Drone  
  20  2:05  Queen x2  
  26  2:12  Drone x2  
  26  2:15  Metabolic Boost  
  28  2:28  Overlord  
  28  2:37  Baneling Nest  
  28  2:40  Extractor  
  28  2:42  Extractor  
  28  2:43  Hatchery  
  28  2:44  Extractor, Drone  
  23  2:47  Drone  
  23  2:49  Drone  
  29  2:52  Drone  
  29  2:56  Overlord  
  30  2:59  Drone  
  30  3:13  Zergling x2  
  30  3:14  Zergling x2  
  30  3:15  Drone x4  
  30  3:16  Drone  
  37  3:24  Zergling x8  
  41  3:37  Zergling x6  
  41  3:41  Overlord  
  44  3:45  Baneling x3  
  44  3:54  Zergling x2  
  44  3:55  Zergling x12  
  49  4:02  Baneling x4  
  44  4:32  Drone x4  
  44  4:33  Baneling, Drone x5  
  44  4:34  Baneling  
  48  4:50  Zergling x2  
  48  4:51  Zergling x2  
  47  4:54  Extractor  
  47  4:55  Zergling x4  
  47  4:56  Extractor  
  47  5:00  Roach Warren, Evolution Chamber  
  47  5:04  Zergling x6  
  48  5:10  Baneling x2  
  48  5:12  Zergling x4  
  50  5:27  Zergling x8  
  50  5:28  Zergling x8  
  55  5:37  Lair  
  51  5:53  Roach x4  
  56  5:58  Drone  
  56  6:00  Overlord x3  
  57  6:06  Zerg Missile Weapons Level 1  
  57  6:17  Drone x2  
  57  6:18  Drone x8  
  64  6:27  Baneling x2  
  63  6:41  Glial Reconstitution  
  63  6:42  Roach  
  63  6:43  Roach x5  
  63  6:45  Baneling  
  75  6:47  Baneling  
  74  6:55  Drone  
  74  6:56  Drone x6  
  81  7:06  Overlord x2  
  81  7:07  Overlord x5  
  80  7:23  Drone  
  80  7:24  Queen x3  
  80  7:29  Hydralisk Den  
  86  7:30  Extractor  
  86  7:36  Drone  
  89  7:37  Drone x9  
  92  7:54  Roach  
  92  7:55  Roach x2  
  98  7:59  Extractor  
  98  8:00  Extractor  
  98  8:01  Grooved Spines  
  98  8:02  Spore Crawler  
  98  8:04  Spore Crawler  
  93  8:05  Spore Crawler  
  93  8:07  Spore Crawler x3, Drone x3  
  93  8:08  Drone x2  
  93  8:10  Spore Crawler  
  93  8:16  Hydralisk x2  
  95  8:25  Hydralisk x2  
  99  8:38  Hydralisk x4  
  107  8:41  Overlord  
  107  8:48  Hydralisk x2  
  107  8:50  Spore Crawler  
  107  8:52  Lurker Den  
  109  9:01  Hydralisk  
  109  9:02  Hydralisk x4  
  117  9:07  Overlord x2, Queen  
  121  9:12  Overlord x3, Muscular Augments  
  121  9:13  Overlord x3  
  121  9:24  Queen  
  121  9:25  Queen  
  121  9:31  Hydralisk x7  
  138  9:39  Unknown  
  138  9:53  Hatchery  
  135  10:19  Lurker x4  
  135  10:20  Lurker x3  
  142  10:21  Hydralisk  
  142  10:22  Hydralisk x4  
  153  10:30  Hatchery  
  153  10:33  Hydralisk  
  153  10:34  Hydralisk x3  
  160  10:37  Zergling x8  
  147  11:38  Hydralisk x10  
  147  11:39  Hydralisk x9  
  144  12:07  Hydralisk  
  144  12:08  Hydralisk x7  
  132  12:12  Lurker  
  132  12:13  Lurker  
  132  12:14  Zergling x8  
  141  12:28  Hydralisk x5  
  151  12:39  Zergling x12  
  151  12:43  Baneling  
  153  12:56  Unknown  
  143  13:08  Overseer  
  142  13:19  Lurker  
  139  13:20  Lurker  
  139  13:22  Zergling x8  
  139  13:23  Zergling x32  
  139  13:25  Lurker  
  139  13:26  Lurker x6  
  166  13:38  Unknown x3  
  166  13:42  Roach x6  
  166  13:43  Roach  
  161  14:01  Roach  
  161  14:02  Roach x6  
  155  14:33  Drone x12  
  167  14:38  Spire  
  167  14:39  Infestation Pit  
Show
View Real Time Build Order
Export as new Build Order

TempO Zerg 

Build Orders: Hatch First, Lurkers 

Get SALT Encoding   

  12  0:01  Drone  
  13  0:12  Overlord  
  13  0:17  Drone  
  14  0:30  Drone  
  14  0:32  Drone  
  16  0:36  Drone  
  17  0:55  Hatchery  
  16  1:00  Drone  
  17  1:04  Extractor  
  17  1:10  Drone  
  17  1:16  Spawning Pool  
  16  1:20  Drone  
  17  1:36  Drone  
  18  1:44  Drone  
  18  1:45  Drone  
  20  1:57  Overlord  
  20  2:06  Metabolic Boost  
  20  2:07  Queen  
  20  2:08  Queen  
  24  2:12  Zergling x2  
  25  2:21  Drone x2  
  27  2:26  Drone  
  28  2:52  Hatchery  
  27  2:59  Drone  
  27  3:00  Drone  
  27  3:01  Baneling Nest  
  27  3:02  Drone x3  
  27  3:05  Overlord  
  31  3:14  Zergling x4  
  32  3:24  Zergling x4  
  34  3:33  Zergling x10  
  39  3:38  Zergling x2  
  40  3:44  Zergling x4  
  40  3:47  Queen  
  44  3:54  Overlord  
  44  3:56  Baneling x2  
  44  4:03  Overlord  
  44  4:08  Drone  
  41  4:12  Drone  
  41  4:13  Drone x6  
  41  4:16  Baneling x2  
  48  4:20  Baneling x2  
  48  4:27  Zergling x8  
  48  4:29  Zergling x2  
  45  4:39  Zergling x2  
  46  4:51  Zergling x2  
  46  4:53  Drone x2  
  47  5:02  Zergling x2  
  47  5:03  Zergling x6  
  47  5:05  Baneling x2  
  47  5:06  Zergling x10  
  56  5:11  Hatchery, Zergling x4  
  57  5:19  Zergling x2  
  57  5:27  Zergling x4  
  57  5:28  Baneling x2  
  56  5:31  Drone  
  56  5:36  Drone  
  56  5:37  Lair  
  56  5:38  Extractor  
  53  5:46  Zergling x6  
  53  5:47  Zergling x2  
  53  5:49  Baneling x2  
  56  5:52  Zergling x2  
  52  5:57  Queen  
  52  6:02  Zergling x12  
  60  6:11  Overlord  
  60  6:12  Overlord  
  60  6:17  Zergling x2  
  60  6:18  Overlord  
  59  6:26  Extractor, Drone x2  
  59  6:27  Extractor  
  59  6:29  Baneling  
  59  6:30  Baneling  
  59  6:33  Drone  
  59  6:34  Drone x3  
  59  6:39  Drone x2  
  64  6:42  Drone  
  64  6:45  Overlord x2, Spire  
  64  6:47  Queen  
  64  6:53  Drone  
  57  6:54  Drone  
  57  6:57  Drone x3  
  57  7:00  Drone x2  
  63  7:03  Drone  
  64  7:09  Overlord  
  60  7:16  Drone x2  
  60  7:17  Drone  
  61  7:31  Zergling x12  
  63  7:56  Spine Crawler  
  63  7:57  Mutalisk x5  
  72  8:00  Mutalisk x2, Spine Crawler  
  72  8:01  Spine Crawler  
  72  8:04  Spine Crawler  
  73  8:06  Drone  
  73  8:07  Drone x2  
  76  8:17  Mutalisk x3  
  76  8:29  Hydralisk Den, Drone x2  
  76  8:30  Drone  
  76  8:31  Drone x3  
  81  8:42  Extractor x2  
  81  8:46  Mutalisk x2  
  83  8:53  Drone x3  
  83  8:54  Drone  
  87  8:56  Drone  
  87  8:57  Drone  
  89  9:08  Lurker Den  
  88  9:11  Spine Crawler  
  88  9:12  Evolution Chamber  
  88  9:15  Drone x3  
  88  9:16  Spine Crawler, Drone x2  
  90  9:19  Overseer  
  90  9:23  Mutalisk x2  
  94  9:40  Zerg Missile Weapons Level 1  
  94  9:47  Burrow  
  94  9:53  Hydralisk x5  
  94  9:55  Zergling x2  
  94  9:56  Zergling x4  
  94  9:58  Hatchery  
  106  10:06  Overlord  
  106  10:07  Overlord x2  
  102  10:12  Spine Crawler, Zergling x4  
  102  10:13  Zergling x4  
  105  10:23  Baneling x6  
  105  10:28  Hydralisk x4  
  103  10:32  Zergling x4  
  103  10:33  Zergling x2  
  103  10:35  Baneling x4  
  114  10:51  Hydralisk x2  
  114  10:52  Hydralisk x4  
  126  11:07  Overlord x2  
  121  11:19  Overlord  
  121  11:20  Overlord x2  
  121  11:28  Hydralisk  
  121  11:32  Hydralisk x8  
  100  11:37  Hydralisk x2  
  118  11:40  Zergling x4  
  118  11:43  Hydralisk  
  118  11:46  Overseer  
  118  11:56  Hydralisk  
  118  11:57  Hydralisk  
  118  12:00  Zergling x4  
  112  12:03  Overseer x2  
  112  12:08  Zergling x6  
  91  12:19  Baneling x6  
  91  12:26  Lurker x6  
  91  12:27  Lurker  
  98  12:36  Extractor  
  97  12:40  Hydralisk x2  
  101  12:49  Hatchery  
  87  13:02  Hydralisk x4  
  87  13:03  Baneling x6  
  73  13:24  Lurker x2  
  73  13:26  Baneling x2, Zergling x22  
  73  13:27  Baneling x2  
  86  13:46  Overseer  
  82  13:49  Hydralisk  
  65  13:56  Hydralisk x5  
  65  13:59  Zergling x2  
  76  14:13  Hydralisk x4  
  76  14:14  Queen  
  81  14:25  Hatchery  
  77  14:32  Drone  
  77  14:38  Lurker  
  77  14:39  Lurker  
  79  14:48  Lurker  
Tags
 
Add a new tag
Caveats
  • Supply blocks, unpowered buildings, or Contaminate may cause inaccurate times.
  • Supply counts are checked every 10 seconds.